 Dungeon Crawl Stone Soup version 0.19-b1-3-g7dea586 (webtiles) character file.

19162 Gerad the Fighter (level 12, 0/139 (140) HPs)
             Began as an Ogre Gladiator on Oct 28, 2016.
             Was a High Priest of Trog.
             Slain by a worker ant (3 damage)
             ... on level 11 of the Dungeon on Oct 30, 2016.
             The game lasted 00:33:25 (11197 turns).

Gerad the Fighter (Ogre Gladiator)                 Turns: 11197, Time: 00:33:26

HP:   0/139 (140)   AC:  6    Str: 23    XL:     12   Next: 66%
MP:   12/12         EV: 16    Int:  8    God:    Trog [*****.]
Gold: 604           SH:  0    Dex: 15    Spells: 0 memorised, 11 levels left

rFire  + . .     SeeInvis .     a - +5 flail (drain)
rCold  . . .     Gourm    .     C - +0 troll leather armour {regen}
rNeg   . . .     Faith    .     (no shield)
rPois  .         Spirit   .     c - +1 hat
rElec  .         Reflect  .     (no cloak)
rCorr  .         Harm     .     (gloves unavailable)
MR     +....                    (boots unavailable)
Stlth  +.........               (no amulet)
                                (no ring)
                                S - ring of protection from fire {rF+}

@: very slightly contaminated
A: unfitting armour, agile 1, tough skin 1
a: Berserk, Trog's Hand, Brothers in Arms, Burn Spellbooks, Renounce Religion


You were on level 11 of the Dungeon.
You worshipped Trog.
Trog was extremely pleased with you.
You were not hungry.

You visited 2 branches of the dungeon, and saw 14 of its levels.

You collected 734 gold pieces.
You spent 130 gold pieces at shops.

Inventory:

Hand Weapons
 a - a +5 flail of draining (weapon)
   (You took it off Edmund on level 4 of the Dungeon)
 b - a +1 dagger of venom
   (You took it off a goblin on level 2 of the Dungeon)
 t - a +0 giant club
   (You took it off an ogre on level 5 of the Dungeon)
 y - a +0 giant spiked club
   (You took it off an ogre on level 6 of the Dungeon)
 J - a +0 morningstar
   (You took it off a gargoyle on level 10 of the Dungeon)
Missiles
 d - 6 throwing nets (quivered) {=f, !d}
 x - 8 javelins
 B - 4 curare-tipped needles
 L - 3 large rocks {!d}
Armour
 c - a +1 hat (worn)
 r - the +3 hat of Pondering {ponderous, MR+ MP+10 Int+5}
   (You took it off Gastronok on level 8 of the Dungeon)

   It affects your intelligence (+5).
   It affects your resistance to hostile enchantments.
   It affects your magic capacity (+10).
 v - the +0 robe of Dawn {rF++ Str+4 Int+3 Stlth+}
   (You found it on level 5 of the Dungeon)

   It affects your strength (+4).
   It affects your intelligence (+3).
   It greatly protects you from fire.
   It makes you more stealthy.
 C - a +0 troll leather armour (worn) {regen}
   (You found it on level 6 of the Dungeon)
Rods
 Q - a +0 rod of inaccuracy (11/11) {!a}
   (You took it off an orc on level 11 of the Dungeon)
Jewellery
 A - an uncursed ring of fire {rF+, rC-}
   (You found it on level 6 of the Dungeon)
 S - a ring of protection from fire (left hand) {rF+}
   (You found it on level 13 of the Dungeon)
 U - an uncursed amulet of guardian spirit {unknown}
   (You found it on level 11 of the Dungeon)
Wands
 E - a wand of acid (7/15)
   (You found it on level 9 of the Dungeon)
 H - a wand of lightning (5/15)
   (You found it on level 8 of the Dungeon)
 N - a wand of lightning (3/15)
   (You found it on level 10 of the Dungeon)
 O - a wand of paralysis (13/24)
   (You found it on level 10 of the Dungeon)
 T - a wand of digging (11/24)
   (You acquired it on level 11 of the Dungeon)
Scrolls
 e - 2 scrolls of enchant armour
 h - 3 scrolls of identify
 j - 2 scrolls of remove curse
 k - a scroll of noise {unknown}
 m - 3 scrolls of immolation {!r}
 p - 6 scrolls of teleportation
 u - 3 scrolls of magic mapping {!r}
 K - a scroll of fear
 P - a scroll of fog
Potions
 g - a potion of flight
 o - 2 potions of might
 q - 2 potions of magic
 s - 2 potions of curing
 w - 2 potions of haste
 z - 2 potions of berserk rage {!q}
 D - a potion of heal wounds
 G - a potion of lignification {!q}
 M - a potion of agility
Miscellaneous
 I - a lamp of fire
   (You found it on level 9 of the Dungeon)
 V - a phantom mirror
Comestibles
 f - 10 bread rations {@e1}
 l - 5 meat rations {@e2}
 n - 5 slices of pizza
 F - 7 beef jerkies
 R - a fruit


   Skills:
 + Level 14.8 Fighting
 - Level 14.1 Maces & Flails
 * Level 5.9 Throwing
 + Level 11.0 Dodging


You had 11 spell levels left.
You didn't know any spells.

Dungeon Overview and Level Annotations

Branches:
Dungeon (13/15)            Temple (1/1) D:5            Lair (0/6) D:8
    Orc (0/2) D:11
 Vaults: D:13-14

Altars:
Ashenzari
Cheibriados
Dithmenos
Elyvilon
Fedhas
Gozag
Hepliaklqana
Kikubaaqudgha
Makhleb
Nemelex Xobeh
Okawaru
Qazlal
Ru
Sif Muna
Trog
Uskayaw
Vehumet
Xom
Yredelemnul
Zin
The Shining One

Shops:
D:6 (![!   D:7 %}[?*


Innate Abilities, Weirdness & Mutations

You are too large for most types of armour.
You have tough skin. (AC +1)
You are agile. (Dex +2)


Message History

Items here: ( )))) [ ††††† You see here a giant club.
d - 5 throwing nets {=f, !d} (gained 1)
d - 6 throwing nets {=f, !d} (gained 1)
You see here 2 arrows.
You see here a giant club.
There is an open door, spattered with blood here.
Items here: ( )))) [ †††††
Items here: ( ) †† an uncursed shortbow; 15 arrows; a centaur corpse; a scorpion corpse You see here an arrow.
You see here an arrow.
There is an open door here.
There is an open door here.
There is an open door here.
You now have 542 gold pieces (gained 13).
You now have 552 gold pieces (gained 10).
You see here a mace.
You now have 563 gold pieces (gained 11).
You now have 586 gold pieces (gained 23).
There is an open door here.
Found 18 gold pieces.
Found an escape hatch in the floor.
There is an open door here.
U - a large amethyst amulet You now have 604 gold pieces (gained 18).
p - 6 scrolls of teleportation (gained 1)
You see here a ring mail.
There is an open door here.
There is an open door here.
There is an open door here.
You open the door.
A hydra and a kobold demonologist come into view.
The kobold demonologist shouts!
The eight-headed hydra roars!
The kobold demonologist gestures wildly while chanting.
There is an open door here.
You thump the eight-headed hydra!
The kobold demonologist mumbles some strange words.
The eight-headed hydra bites you but does no damage.
The eight-headed hydra barely misses you.
The eight-headed hydra bites you! The eight-headed hydra misses you.
The eight-headed hydra barely misses you.
The eight-headed hydra misses you.
The eight-headed hydra closely misses you.
The eight-headed hydra bites you!
You take 24 damage, and have 115/139 hp.
You sock the eight-headed hydra! You drain the eight-headed hydra!
You sock the eight-headed hydra! The eight-headed hydra bites you!
The eight-headed hydra closely misses you.
The eight-headed hydra bites you! x2; The eight-headed hydra bites you.
The eight-headed hydra barely misses you.
The eight-headed hydra completely misses you.
The eight-headed hydra misses you.
You take 38 damage, and have 78/139 hp.
MASSIVE DAMAGE!!
You barely miss the eight-headed hydra. The eight-headed hydra misses you.
The eight-headed hydra closely misses you.
The eight-headed hydra bites you! x2; The eight-headed hydra misses you.
The eight-headed hydra bites you! x2; The eight-headed hydra misses you.
You take 32 damage, and have 46/139 hp.
MASSIVE DAMAGE!!
You sock the eight-headed hydra! You drain the eight-headed hydra!
The kobold demonologist begins to cast a cantrip, but forgets the words!
The eight-headed hydra bites you.
* * * LOW HITPOINT WARNING * * *
The eight-headed hydra closely misses you.
The eight-headed hydra misses you. The eight-headed hydra bites you.
* * * LOW HITPOINT WARNING * * *
The eight-headed hydra bites you but does no damage.
The eight-headed hydra barely misses you.
The eight-headed hydra bites you!
* * * LOW HITPOINT WARNING * * *
The eight-headed hydra completely misses you.
You take 20 damage, and have 26/139 hp.
Unknown command.
The kobold demonologist mumbles some strange words.
Okay, then.
Unknown command.
The sixfirhy hits you!
* * * LOW HITPOINT WARNING * * *
The sixfirhy shocks you!
* * * LOW HITPOINT WARNING * * *
You take 21 damage, and have 11/139 hp.
Unknown command.
Really read
i - a scroll of blinking {!r}?
Blink to where?
You are very lightly contaminated with residual magic.
As you read the scroll of blinking {!r}, it crumbles to dust.
You see here 9 poisoned needles.
Things that are here:
a robe; a dagger
There is an open door here.
A worker ant comes into view.
A cyclops comes into view.
The cyclops shouts!
The worker ant misses you.
The cyclops throws a large rock.
The large rock hits you!!!
* * * LOW HITPOINT WARNING * * *
You see here a large rock {!d}.
The worker ant bites you.
You die...

#.#...#.#...#'##.#######.# #.#
#.#####[#......#.#######.# #.#
#......[[................# #.#
#######.#)#......###..########.#
###'#).......###..#.......(#
#...........##....#.########
#...........##.#.##'##
#......C..####.#.#...########
#...........@a...)...'.......
#..........#.###.#...########
##########'#>.......((.)))[(.
#........###.#...########
#........# #.'..[# ####.......##
###..[# #..........# #...#
#..........# #...# #..........#
###...#


You could see a cyclops and a worker ant.

Vanquished Creatures
  Gastronok (D:8)
  The ghost of lambinvoker the Spear-Bearer, a journeyman MfSk of Okawaru (D:11)
  The ghost of lunahex the Cruncher, a journeyman MiFi of Cheibriados (D:11)
  A hydra (D:11)
  2 centaur warriors (D:13)
  2 hill giants (D:11)
  Pikel (D:8)
  A cyclops (D:11)
  A manticore (D:13)
  2 gargoyles
  4 trolls
  A hornet (D:11)
  3 two-headed ogres
  Prince Ribbit (D:6)
  2 hippogriffs
  Sigmund (D:4)
  2 wyverns
  A hog (D:11)
  14 yaks
  A hungry ghost (D:10)
  3 vampire mosquitoes (D:13)
  Duvessa (D:6)
  Edmund (D:4)
  6 orc warriors
  A black bear (D:11)
  2 ice beasts
  2 phantoms (D:9)
  3 necrophages
  A slave (D:7)
  9 ogres
  8 centaurs
  9 bullfrogs
  3 big kobolds
  2 scorpions (D:11)
  Dowan (D:6)
  6 killer bees
  9 wights
  A howler monkey (D:5)
  8 crimson imps
  2 bullfrog zombies
  A centaur zombie (D:8)
  5 jellies
  A quasit (D:7)
  10 orc wizards
  2 orc priests (D:11)
  A gnoll shaman (D:9)
  12 hounds
  3 iguanas
  7 worker ants
  A hound zombie (D:6)
  2 hound skeletons
  12 adders
  3 gnolls (D:9)
  2 oozes (D:1)
  An adder zombie (D:6)
  3 adder skeletons
  6 leopard geckos
  56 orcs
  A ball python (D:6)
  10 giant cockroaches
  5 goblins
  3 hobgoblins
  7 jackals
  4 quokkas
  9 bats
  3 frilled lizards
  12 kobolds
  16 rats (D:1)
319 creatures vanquished.

Vanquished Creatures (others)
  3 slaves (D:8)
  A howler monkey skeleton (D:4)
  A quokka (D:4)
5 creatures vanquished.

Grand Total: 324 creatures vanquished

Notes
Turn   | Place    | Note
-------+----------+-------------------------------------------
     0 | D:1      | Gerad the Ogre Gladiator began the quest for the Orb.
     0 | D:1      | Reached XP level 1. HP: 22/22 MP: 1/1
    49 | D:1      | HP: 4/22 [kobold/enchanted dagger (2)]
   346 | D:1      | Reached XP level 2. HP: 29/29 MP: 2/2
   377 | D:1      | Reached skill level 5 in Maces & Flails
   484 | D:1      | Reached XP level 3. HP: 20/36 MP: 3/3
  1169 | D:1      | Reached skill level 6 in Maces & Flails
  1252 | D:2      | Reached XP level 4. HP: 39/44 MP: 4/4
  1960 | D:3      | You fall through a shaft!
  2174 | D:4      | Noticed Edmund
  2202 | D:4      | Killed Edmund
  2202 | D:4      | Reached skill level 8 in Maces & Flails
  2202 | D:4      | Reached XP level 5. HP: 15/50 MP: 5/5
  2461 | D:4      | Noticed Sigmund
  2478 | D:4      | HP: 10/50 [something (12)]
  2481 | D:4      | Killed Sigmund
  2481 | D:4      | Reached skill level 3 in Fighting
  2481 | D:4      | Reached skill level 3 in Dodging
  2481 | D:4      | Reached XP level 6. HP: 12/61 MP: 6/6
  2826 | D:4      | Reached skill level 9 in Maces & Flails
  3162 | D:4      | Found a shimmering altar of Xom.
  3228 | D:4      | Found a white marble altar of Elyvilon.
  3581 | D:4      | Reached XP level 7. HP: 65/68 MP: 7/7
  3673 | D:5      | Entered Level 5 of the Dungeon
  3677 | D:5      | Reached skill level 4 in Fighting
  3747 | D:5      | Found a staircase to the Ecumenical Temple.
  3750 | D:5      | Got a heavy robe
  3834 | Temple   | Entered the Ecumenical Temple
  4064 | Temple   | Became a worshipper of Trog the Wrathful
  4173 | D:5      | You fall through a shaft for 3 floors!
  4173 | D:8      | Noticed Gastronok
  4176 | D:8      | Noticed Pikel
  4238 | D:8      | Found a staircase to the Lair.
  4256 | D:8      | Noticed a two-headed ogre
  4288 | D:7      | Reached skill level 10 in Maces & Flails
  4288 | D:7      | Reached skill level 4 in Dodging
  4289 | D:7      | Reached skill level 5 in Fighting
  4452 | D:7      | Reached XP level 8. HP: 59/80 MP: 8/8
  4548 | D:7      | Found Vagu's Magic Scroll Shoppe.
  4564 | D:7      | Found Ycoogarr's Armour Emporium.
  4594 | D:7      | Identified the +0 robe of Dawn {rF++ Str+4 Int+3 Stlth+} (You found it on level 5 of the Dungeon)
  4822 | D:7      | Gained mutation: You are agile. (Dex +2) [potion of beneficial mutation]
  4838 | D:6      | Found Utiaquej's Armour Emporium.
  4866 | D:6      | Reached skill level 11 in Maces & Flails
  4976 | D:6      | Noticed Prince Ribbit
  4981 | D:6      | Killed Prince Ribbit
  4981 | D:6      | Reached skill level 6 in Fighting
  4981 | D:6      | Reached skill level 5 in Dodging
  5199 | D:6      | Reached * piety under Trog
  5199 | D:6      | Reached XP level 9. HP: 68/92 MP: 9/9
  5222 | D:6      | Reached skill level 12 in Maces & Flails
  5268 | D:6      | Found Afuasser's Distillery.
  5275 | D:6      | Bought a potion of degeneration for 10 gold pieces
  5326 | D:6      | Noticed a troll
  5338 | D:6      | Killed a troll
  5338 | D:6      | Reached skill level 7 in Fighting
  5561 | D:6      | Found Ikimaejy's General Store.
  5606 | D:6      | Noticed Dowan
  5608 | D:6      | Noticed Duvessa
  5622 | D:6      | Killed Dowan
  5640 | D:6      | Killed Duvessa
  5739 | D:6      | Found Geas's Weapon Shoppe.
  5782 | D:6      | Found a deep blue altar of Sif Muna.
  5979 | D:6      | Found Zekame's Distillery.
  6015 | D:6      | Reached skill level 13 in Maces & Flails
  6323 | D:7      | Found Deshouza's Gadget Shoppe.
  6385 | D:7      | Found Rimytz's Food Shop.
  6490 | D:7      | Reached skill level 6 in Dodging
  6534 | D:7      | Found a sacrificial altar of Ru.
  6616 | D:7      | Reached skill level 8 in Fighting
  6665 | D:7      | Found a basalt altar of Yredelemnul.
  6666 | D:7      | Found a glowing silver altar of Zin.
  6859 | D:7      | Found Wida Laure's Assorted Antiques.
  6864 | D:7      | Bought a coral ring for 120 gold pieces
  6990 | D:7      | HP: 5/95 [two-headed ogre/giant spiked club (24)]
  6993 | D:7      | HP: 1/95 [orc wizard/magic dart (6)]
  7003 | D:7      | HP: 4/95 [two-headed ogre/giant spiked club (3)]
  7224 | D:8      | Noticed a two-headed ogre
  7229 | D:8      | Killed a two-headed ogre
  7229 | D:8      | Reached XP level 10. HP: 105/105 MP: 10/10
  7267 | D:8      | Killed Pikel
  7267 | D:8      | Reached skill level 14 in Maces & Flails
  7273 | D:8      | Reached ** piety under Trog
  7453 | D:8      | Reached skill level 9 in Fighting
  7577 | D:8      | Reached skill level 7 in Dodging
  7687 | D:8      | Killed Gastronok
  7687 | D:8      | Reached skill level 11 in Fighting
  7687 | D:8      | Reached skill level 8 in Dodging
  7785 | D:8      | Reached *** piety under Trog
  7927 | D:8      | Reached XP level 11. HP: 118/119 MP: 11/11
  8142 | D:9      | Found a glowing golden altar of the Shining One.
  8159 | D:9      | Reached skill level 12 in Fighting
  8596 | D:9      | Reached skill level 9 in Dodging
  8641 | D:10     | Entered Level 10 of the Dungeon
  8900 | D:10     | Got a bloodstained battleaxe
  8937 | D:10     | Found an iron altar of Okawaru.
  9016 | D:10     | Reached **** piety under Trog
  9049 | D:10     | Found a sacrificial altar of Ru.
  9242 | D:11     | Noticed a cyclops
  9251 | D:11     | Killed a cyclops
  9464 | D:11     | Reached skill level 13 in Fighting
  9587 | D:11     | Identified a +0 rod of inaccuracy (5/11) {!a} (You took it off an orc on level 11 of the Dungeon)
  9610 | D:11     | Noticed lambinvoker's ghost (journeyman MfSk)
  9615 | D:11     | Noticed lunahex's ghost (journeyman MiFi)
  9655 | D:11     | Killed lambinvoker's ghost
  9655 | D:11     | Reached skill level 10 in Dodging
  9687 | D:10     | Reached ***** piety under Trog
  9769 | D:11     | Noticed a six-headed hydra
  9781 | D:11     | Killed a six-headed hydra
 10019 | D:11     | Found a staircase to the Orcish Mines.
 10083 | D:11     | You fall through a shaft for 2 floors!
 10129 | D:13     | Reached XP level 12. HP: 132/136 MP: 12/12
 10214 | D:13     | Reached skill level 14 in Fighting
 10315 | D:13     | Noticed a centaur warrior
 10333 | D:13     | Reached skill level 3 in Throwing
 10336 | D:13     | Noticed a centaur warrior
 10346 | D:13     | Killed a centaur warrior
 10390 | D:13     | Noticed a centaur warrior
 10400 | D:13     | Killed a centaur warrior
 10400 | D:13     | Reached skill level 4 in Throwing
 10422 | D:13     | HP: 34/138 [gargoyle/mace of protection (5)]
 10477 | D:13     | Noticed a centaur warrior
 10534 | D:11     | Identified a scroll of acquirement
 10933 | D:11     | Killed lunahex's ghost
 10933 | D:11     | Reached skill level 5 in Throwing
 11073 | D:11     | Reached skill level 11 in Dodging
 11141 | D:11     | Noticed an eight-headed hydra
 11148 | D:11     | HP: 26/139 [eight-headed hydra (12)]
 11157 | D:11     | HP: 22/139 [sixfirhy[a kobold demonologist] (11)]
 11196 | D:11     | HP: 2/139 [cyclops/large rock (37)]
 11197 | D:11     | Slain by a worker ant

Skill      XL: |  1  2  3  4  5  6  7  8  9 10 11 12 |
---------------+-------------------------------------+-----
Maces & Flails | 5 6 8 9 10 11 13 14 | 14.1
Fighting       | 3 5 6 8 11 13 14 | 14.8
Dodging        | 3 4 5 6 8 10 11 | 11.0
Throwing       | 5 |  5.9

Action                   |  1- 3 |  4- 6 |  7- 9 | 10-12 || total
-------------------------+-------+-------+-------+-------++-------
Melee: Flail             |   126 |    91 |   234 |   618 ||  1069
Throw: Throwing net      |       |     1 |       |       ||     1
Invok: Berserk           |       |       |     2 |     4 ||     6
  Use: Potion            |       |     2 |     1 |     1 ||     4
       Scroll            |       |     4 |     8 |    16 ||    28
 Stab: Held in net/web   |       |     1 |       |       ||     1
       Sleeping          |       |     1 |       |       ||     1
       Distracted        |       |       |       |     1 ||     1
  Eat: Chunk             |     1 |     7 |    11 |    20 ||    39
       Beef jerky        |       |       |     1 |       ||     1
Armor: Robe              |    49 |    10 |    13 |       ||    72
       Troll leather arm |       |       |    31 |    89 ||   120
Dodge: Dodged            |    77 |    34 |   138 |   357 ||   606

Vault maps used:
D:1:      erik_arrival_orb_chamber, minmay_misc_feat_tiny
D:2:      serial_bayou_pond_b
D:4:      elyvilon_altar_4, xom_teletrap_fun, sigmund_edmund_badplayer
D:5:      first_bread
D:6:      led_sif_book, serial_shops, shop, nicolae_shop_waterfront, shop, shop,
          shop_fountains, uniq_edmund, uniq_duvessa, uniq_prince_ribbit1
D:7:      gammafunk_temple_overflow_statue, serial_shops, shop, shop,
          kennysheep_mini_moat, nicolae_shop_waterfront, kennysheep_little_box,
          grunt_ogre_cave, nicolae_ru_awakened_eye
D:8:      uniq_gastronok, uniq_pikel
D:9:      nicolae_tso_carved_into_rock, minmay_misc_feat_rows
D:10:     basic_altar, okawaru_ov_weapons_minmay
D:11:     hiddenorc2_lemuel, evilmike_minifort
D:12:     nicolae_sextant, uniq_josephine, uniq_urug, uniq_azrael, uniq_kirke
D:13:     minmay_box_of_statues, david_vaults_3
Temple:   regret_index_temple_generic_petals

Table legend:
 A = Turns spent in this place as a percentage of turns spent in the entire game.
 B = Non-inter-level travel turns spent in this place as a percentage of non-inter-level travel turns spent in the entire game.
 C = Inter-level travel turns spent in this place as a percentage of turns spent in this place.
 D = Turns resting spent in this place as a percentage of non-inter-level travel turns spent in this place.
 E = Turns spent auto-exploring this place as a percentage of non-inter-level travel turns spent in this place.
 F = Non-inter-level travel turns spent in this place divided by the number of levels of this place that you've seen.
                   A       B       C       D       E      F
               +-------+-------+-------+-------+-------+----------------------
         Total | 100.0 | 100.0 |   0.4 |   1.6 |   6.0 | 287.6
       Dungeon |  99.0 |  99.1 |   0.4 |   1.6 |   5.6 | 306.8
        Temple |   1.0 |   0.9 |   5.1 |   0.0 |  45.9 |  37.0
               +-------+-------+-------+-------+-------+----------------------

Table legend:
 A = Kills in this place as a percentage of kills in entire the game.
 B = Kills by you in this place as a percentage of kills by you in the entire game.
 C = Kills by friends in this place as a percentage of kills by friends in the entire game.
 D = Other kills in this place as a percentage of other kills in the entire game.
 E = Experience gained in this place as a percentage of experience gained in the entire game.
 F = Experience gained in this place divided by the number of levels of this place that you have seen.
                   A       B       C       D       E      F
               +-------+-------+-------+-------+-------+----------------------
         Total | 100.0 | 100.0 |  -nan |  -nan | 100.0 | 1955.4
       Dungeon | 100.0 | 100.0 |  -nan |  -nan | 100.0 | 2105.8
               +-------+-------+-------+-------+-------+----------------------
